 Dungeon Crawl Stone Soup version 0.29-a0-206-g4a66f2e2b5 (webtiles) character file.

Game seed: 621012578738948257

2016 emikaela the Bolt Thrower (level 9, 0/60 HPs)
             Began as a Djinni Hunter on Feb 23, 2022.
             Was a Priest of Okawaru.
             Slain by a bullfrog (3 damage)
             ... on level 7 of the Dungeon.
             The game lasted 00:25:47 (9682 turns).

emikaela the Bolt Thrower (Djinni Hunter)           Turns: 9682, Time: 00:25:48

Health: 0/60       AC:  6    Str: 11    XL:     9   Next: 46%
Gold:   365        EV: 15    Int: 13    God:    Okawaru [***...] SH:  0 Dex: 18

rFire   + + +      SeeInvis +   a - +1 hand crossbow
rCold   x . .      Faith    .   (no shield)
rNeg    . . .      Spirit   .   o - +0 leather armour
rPois   ∞          Reflect  .   x - +1 hat
rElec   .          Harm     .   (no cloak)
rCorr   .          Rampage  .   E - +0 pair of gloves
Will    .....                   (boots unavailable)
Stlth   +++.......              (no amulet)
HPRegen 0.20/turn               e - ring of see invisible
MPRegen 0.00/turn               t - ring of protection from fire

@: heroic, flying, very slightly contaminated
A: sickness immunity, fire resistance 2, cold vulnerability 1, float, innate
caster, HP casting, extra vitality 1
a: Renounce Religion, Heroism


You were on level 7 of the Dungeon.
You worshipped Okawaru.
Okawaru was most pleased with you.
You visited 1 branch of the dungeon, and saw 7 of its levels.

You collected 365 gold pieces.

Inventory:

Hand Weapons
 a - a +1 hand crossbow (weapon)
 b - a +2 dagger of electrocution
Missiles
 k - 17 poisoned darts
 s - 161 stones
 C - a curare-tipped dart {!f}
Armour
 h - a +0 ring mail
 o - a +0 leather armour (worn)
 p - an orb of guile
 x - a +1 hat (worn)
 E - a +0 pair of gloves (worn)
Jewellery
 e - a ring of see invisible (left hand)
 t - a ring of protection from fire (right hand)
Wands
 B - a wand of iceblast (10)
 D - a wand of mindburst (7)
 F - a wand of flame (22)
Scrolls
 d - 4 scrolls of enchant armour {unknown}
 f - 4 scrolls of teleportation {unknown}
 i - a scroll of acquirement {unknown}
 m - a scroll of silence {unknown}
 n - 2 scrolls of blinking {unknown}
 q - a scroll of enchant weapon {unknown}
 r - a scroll of fear {unknown}
 u - a scroll of vulnerability {unknown}
 v - a scroll of holy word {unknown}
 w - a scroll of magic mapping {unknown}
 y - a scroll of torment {unknown}
Potions
 c - 2 potions of haste {unknown}
 g - 2 potions of heal wounds {unknown}
 j - 5 potions of curing
 l - a potion of attraction {unknown}
 z - a potion of magic {unknown}
 A - a potion of flight {unknown}


   Skills:
 - Level 3.0(8.0) Fighting
 + Level 6.3(11.3) Crossbows
 - Level 3.0(8.0) Armour
 - Level 2.1(7.1) Dodging
 - Level 2.0(7.0) Stealth
 * Level 5.7 Spellcasting
 - Level 4.0 Invocations


You had 11 spell levels left.
You knew the following spells:

 Your Spells              Type           Power      Damage    Failure   Level
a - Wereblood             Tmut           18%        N/A       3%          2
g - Ignite Poison         Fire/Tmut/Pois 18%        N/A       6%          3
s - Animate Skeleton      Necr           36%        N/A       2%          1
v - Poisonous Vapours     Pois/Air       36%        N/A       3%          2
Your spell library was empty.

Dungeon Overview and Level Annotations

Branches:
Dungeon (7/15)
 Temple: D:4-7

Altars:
Ashenzari
Elyvilon
Fedhas
Makhleb
Okawaru
Trog
The Shining One

Shops:
D:1 (   D:4 (

Annotations:
D:5 Grinder
D:7 Prince Ribbit


Innate Abilities, Weirdness & Mutations

You are immune to sickness and miasma.
You are immune to poison.
Your flesh is very heat resistant. (rF++)
You are vulnerable to cold. (rC-)
You float through the air rather than walking.
You learn spells naturally, not from books.
Your magical power is your life essence.
You have superior vitality. (+4 MHP)


Message History

Nothing appears to happen.
The orc warrior hits you with a +0 mace.
The orc warrior looks more healthy.
You kill the orc wizard!
Okawaru accepts your kill.
The bullfrog hits you but does no damage.
The bullfrog releases a deep croak.
You gain the combat prowess of a mighty hero.
The bullfrog misses you. The bullfrog hits you.
* * * LOW HITPOINT WARNING * * *
Casting: Poisonous Vapours (safe; 3% risk of failure)
Confirm with . or Enter, or press ? or * to list all spells.
Aiming: Poisonous Vapours (safe; 3% risk of failure)
Press: ? - help, Dir - move target, f/p - centaur
Aim: a centaur Poisonous vapours surround the centaur!
The centaur is poisoned.
* * * LOW HITPOINT WARNING * * *
The bullfrog closely misses you. x2
Casting: Poisonous Vapours (safe; 3% risk of failure)
Confirm with . or Enter, or press ? or * to list all spells.
Aiming: Poisonous Vapours (safe; 3% risk of failure)
Press: ? - help, Dir - move target, f - orc warrior, p - centaur
Aim: an orc warrior, wielding a +0 mace and wearing a +0 chain mail (severely wounded) Poisonous vapours surround the orc warrior!
The orc warrior is poisoned.
* * * LOW HITPOINT WARNING * * *
The bullfrog hits you.
* * * LOW HITPOINT WARNING * * *
Casting: Poisonous Vapours (safe; 3% risk of failure)
Confirm with . or Enter, or press ? or * to list all spells.
You ignite the poison in your surroundings!
The centaur seems to burn from within!!
You kill the centaur!
Okawaru accepts your kill.
The orc warrior seems to burn from within!
You kill the orc warrior!
Okawaru accepts your kill.
* * * LOW HITPOINT WARNING * * *
The bullfrog misses you. The bullfrog hits you.
You die...

#.# #.....#####.#..#
#.###.###..........#
#.....########.#...#
###.#..........#.#.#
#####....#######....##
#...........# #..###
#.###....##.#####...#
#########.###.#.###.....†..#.#
................@Fo)...##).)..#
.##############.######.###.#..#
.# #.# #.# #.##.... .# #.# #.#
#.. .... .######### #. #.# ####
### .........# #. #.#
########.# #. #.# #.# #.
#)######.#


You could see a bullfrog and an orc.

Vanquished Creatures
  2 water moccasins
  2 orc warriors (D:7)
  A necrophage (D:5)
  3 ogres
  A black bear (D:6)
  A centaur (D:7)
  3 bullfrogs (D:6)
  A kobold brigand (D:6)
  Blork the orc (D:4)
  A killer bee (D:7)
  A jelly (D:6)
  A centaur zombie (D:5)
  A howler monkey (D:5)
  2 hounds
  3 orc priests
  A centaur skeleton (D:6)
  A gnoll shaman (D:4)
  7 orc wizards
  2 iguanas (D:5)
  5 adders
  17 gnolls
  2 white imps
  An ufetubus (D:5)
  4 adder skeletons (D:4)
  3 worms
  3 dart slugs
  31 orcs
  3 endoplasms
  12 giant cockroaches
  6 goblins
  7 hobgoblins
  3 jackals (D:2)
  A quokka (D:3)
  5 ball pythons
  4 bats
  2 frilled lizards
  11 kobolds
  4 rats
159 creatures vanquished.

Vanquished Creatures (others)
  A plant (D:3)
1 creature vanquished.

Grand Total: 160 creatures vanquished

Notes
Turn   | Place    | Note
-------+----------+-------------------------------------------
     0 | D:1      | emikaela the Djinni Hunter began the quest for the Orb.
     0 | D:1      | Reached XP level 1. HP: 18/18 MP: 0/0
    39 | D:1      | Reached skill level 1 in Stealth
   106 | D:1      | Found Lieduxyrch's Weapon Shop.
   148 | D:1      | Reached XP level 2. HP: 23/23 MP: 0/0
   459 | D:1      | Found a faded altar of an unknown god.
   461 | D:1      | Prayed at the altar of an unknown god.
   461 | D:1      | Became a worshipper of Warmaster Okawaru
   461 | D:1      | Reached * piety under Okawaru
   546 | D:1      | Reached XP level 3. HP: 26/28 MP: 0/0
   546 | D:1      | Learned a level 1 spell: Animate Skeleton
  1070 | D:2      | Reached skill level 1 in Invocations
  1265 | D:2      | Reached XP level 4. HP: 29/33 MP: 0/0
  1437 | D:2      | Reached skill level 4 in Crossbows
  1617 | D:2      | Reached XP level 5. HP: 18/38 MP: 0/0
  1617 | D:2      | Learned a level 2 spell: Wereblood
  2469 | D:3      | Reached XP level 6. HP: 43/43 MP: 0/0
  2469 | D:3      | Found a burning altar of Makhleb.
  2508 | D:3      | Found a bloodstained altar of Trog.
  2620 | D:2      | Reached ** piety under Okawaru
  2621 | D:2      | Reached skill level 1 in Spellcasting
  2950 | D:3      | Found a white marble altar of Elyvilon.
  3475 | D:4      | Noticed a water moccasin
  3572 | D:4      | Found a blossoming altar of Fedhas.
  3748 | D:4      | Noticed Blork the orc
  3944 | D:4      | Reached XP level 7. HP: 43/49 MP: 0/0
  3944 | D:4      | Learned a level 2 spell: Poisonous Vapours
  3955 | D:4      | Found Eculocid's Antique Weapon Shop.
  4163 | D:4      | Killed a water moccasin
  4164 | D:4      | Reached skill level 1 in Armour
  4455 | D:4      | Killed Blork the orc
  4650 | D:5      | Entered Level 5 of the Dungeon
  4791 | D:5      | Reached skill level 5 in Crossbows
  4791 | D:5      | Reached XP level 8. HP: 27/55 MP: 0/0
  5112 | D:5      | Noticed Grinder
  5230 | D:5      | Found a glowing golden altar of the Shining One.
  5841 | D:5      | Reached *** piety under Okawaru
  7546 | D:6      | Reached XP level 9. HP: 31/60 MP: 0/0
  7546 | D:6      | Learned a level 3 spell: Ignite Poison
  8357 | D:7      | Noticed Prince Ribbit
  8401 | D:6      | Reached skill level 6 in Crossbows
  8401 | D:6      | Reached skill level 5 in Spellcasting
  8818 | D:7      | Found a broken altar of Ashenzari.
  9682 | D:7      | Slain by a bullfrog

Illustrated notes

Levels and vault maps discovered:
D:1:      sevenhm_arrival_forest_fort_small_4, layout_loops_ring,
          chequers_ecumenical_altar_twisty, serial_shops, shop
D:2:      minmay_roachtagon, layout_loops_ring
D:3:      layout_rooms, jmf_multi_god_temple, nicolae_elyvilon_temple_path
D:4:      minmay_door_path, layout_basic, mainiacjoe_overflow_brackets,
          serial_shops, nicolae_inconvenience_store, uniq_blork_the_orc
D:5:      layout_basic, lemuel_round_altar, serial_corexii_hall,
          chequers_hall_statues_wall_a, corexii_hall_statues_i, nicolae_sextant,
          uniq_grinder
D:6:      layout_basic
D:7:      layout_loops_ring, ashenzari_altar_1, minmay_temple_entry_overgrown,
          grunt_ministairs_8, minmay_manual_monstrance, uniq_joseph,
          uniq_prince_ribbit1

Skill      XL: |  1  2  3  4  5  6  7  8  9 |
---------------+----------------------------+-----
Stealth        | 1 2 |  2.0
Invocations    | 1 2 3 4 |  4.0
Crossbows      | 4 5 6 |  6.3
Spellcasting   | 1 2 4 5 |  5.7
Armour         | 1 3 |  3.0
Fighting       | 3 |  3.0
Dodging        | |  2.1

Action                   |  1- 3 |  4- 6 |  7- 9 || total
-------------------------+-------+-------+-------++-------
 Fire: Hand crossbow     |   117 |   196 |   258 ||   571
 Cast: Poisonous Vapours |       |       |    49 ||    49
       Ignite Poison     |       |       |    10 ||    10
Invok: Heroism           |       |     1 |     4 ||     5
  Use: Scroll            |       |     1 |       ||     1
Armor: Leather armour    |    13 |       |    32 ||    45
       Ring mail         |     5 |    31 |    10 ||    46
Dodge: Dodged            |    38 |    49 |   116 ||   203

Table legend: (Time is in decaauts)
 A = Elapsed time spent in this place.
 B = Non-inter-level travel time spent in this place.
 C = Inter-level travel time spent in this place.
 D = Time resting spent in this place.
 E = Time spent auto-exploring this place.
 F = Levels seen in this place.
 G = Mean time per level.
                   A        B        C        D        E       F      G
               +--------+--------+--------+--------+--------+-----+--------+
         Total |   9901 |   8919 |    982 |      0 |   7251 |   7 | 1414.4 |
       Dungeon |   9901 |   8919 |    982 |      0 |   7251 |   7 | 1414.4 |
               +--------+--------+--------+--------+--------+-----+--------+

Top non-repeatable levels by time:
     D:6: 2142 daAuts
     D:5: 1918 daAuts
     D:2: 1709 daAuts
     D:4: 1512 daAuts
     D:7: 913 daAuts
     D:1: 890 daAuts
     D:3: 814 daAuts
